 Dungeon Crawl Stone Soup version 0.23.2 (webtiles) character file.

Game seed: 13632861739043044389

47955 Illumine the Cleaver (level 14, -1/132 HPs)
             Began as a Deep Dwarf Fighter on Oct 1, 2019.
             Was a High Priest of Makhleb.
             Killed by divine providence
             ... invoked by an orc priest
              (10 damage)
             ... on level 1 of the Orcish Mines.
             The game lasted 00:46:19 (13851 turns).

Illumine the Cleaver (Deep Dwarf Fighter)          Turns: 13851, Time: 00:46:21

Health: -1/132     AC: 23    Str: 23    XL:     14   Next: 10%
Magic:  11/11      EV: 10    Int: 11    God:    Makhleb [*****.]
Gold:   1612       SH: 13    Dex: 12    Spells: 13/13 levels left

rFire    + . .     SeeInvis .   a - +0 war axe
rCold    + + .     Gourm    +   c - +0 shield
rNeg     + . .     Faith    .   J - +2 plate armour {rC+}
rPois    .         Spirit   .   D - +0 helmet
rElec    .         Reflect  .   s - scarf {rC+ rF+}
rCorr    .         Harm     .   Z - +0 pair of gloves
MR       +++..                  u - +0 pair of boots
Stlth    ..........             X - amulet of the gourmand
HPRegen  0.00/turn              h - +3 ring of protection
MPRegen  0.12/turn              g - ring of protection from magic

@: non-regenerating, lightly drained
A: damage resistance, heal wounds, negative energy resistance 1, sense
surroundings 2, no regeneration
a: Heal Wounds, Minor Destruction, Lesser Servant of Makhleb, Major Destruction,
Greater Servant of Makhleb, Renounce Religion


You were on level 1 of the Orcish Mines.
You worshipped Makhleb.
Makhleb was extremely pleased with you.
You were completely stuffed.

You visited 4 branches of the dungeon, and saw 20 of its levels.

You collected 1612 gold pieces.

Inventory:

Hand Weapons
 a - a +0 war axe (weapon)
 v - the +3 spear of Youthful Indiscretion {pierce, *Drain MR+ Dex+6 Stlth+}
   (You found it on level 5 of the Dungeon)

   It inflicts extra damage upon your enemies.
   It affects your dexterity (+6).
   It affects your resistance to hostile enchantments.
   It causes draining when unequipped.
   It makes you more stealthy.
Missiles
 O - 3 throwing nets (quivered)
Armour
 c - a +0 shield (worn)
 s - a scarf of resistance (worn)
 u - a +0 pair of boots (worn)
 D - a +0 helmet (worn)
 J - a +2 plate armour of cold resistance (worn)
 Z - a +0 pair of gloves (worn)
Jewellery
 g - a ring of protection from magic (right hand)
 h - a +3 ring of protection (left hand)
 k - an uncursed ring of see invisible
 t - an uncursed ring of positive energy
 T - an uncursed amulet of the acrobat {unknown}
 X - an amulet of the gourmand (around neck)
Wands
 b - a wand of flame (24)
 o - a wand of digging (20)
 E - a wand of clouds (4)
 G - a wand of polymorph (9)
 H - a wand of iceblast (12)
Scrolls
 l - 2 scrolls of fear
 m - 4 scrolls of teleportation
 n - 3 scrolls of remove curse
 r - a scroll of amnesia
 F - 4 scrolls of enchant armour {unknown}
 I - a scroll of acquirement {unknown}
 K - 2 scrolls of brand weapon {unknown}
 M - 2 scrolls of torment {unknown}
 U - a scroll of blinking
 V - 3 scrolls of magic mapping
 W - a scroll of fog {unknown}
 Y - a scroll of silence {unknown}
Potions
 d - 2 potions of might
 e - 2 potions of brilliance
 i - 2 potions of flight
 j - 4 potions of agility
 p - 3 potions of heal wounds
 q - a potion of magic
 z - a potion of ambrosia
 A - 3 potions of cancellation
 B - 3 potions of mutation
 L - a potion of haste {unknown}
 P - a potion of berserk rage {unknown}
 Q - 4 potions of lignification
Miscellaneous
 y - a fan of gales
Comestibles
 f - 33 rations
 w - 2 chunks of flesh


   Skills:
 + Level 10.1(9.7) Fighting
 + Level 14.6(14.1) Axes
 + Level 10.5(10.1) Armour
 + Level 8.2(7.8) Dodging
 - Level 1.0(0.7) Stealth
 + Level 12.2(11.7) Shields
 * Level 10.5(10.1) Invocations
 + Level 2.1(1.8) Evocations


You had 13 spell levels left.
You didn't know any spells.
Your spell library contained the following spells:

 Spells                   Type           Power        Failure   Level  Hunger
 Animate Skeleton         Necr           N/A          100%        1    ##.....
 Beastly Appendage        Tmut           #.....       100%        1    ##.....
 Corona                   Hex            #......      100%        1    ##.....
 Pain                     Necr           #...         100%        1    ##.....
 Ensorcelled Hibernation  Hex/Ice        #.....       100%        2    ###....
 Sticks to Snakes         Tmut           #.......     100%        2    ###....
 Confuse                  Hex            #.......     100%        3    ####...
 Dazzling Spray           Conj/Hex       #.....       100%        3    ####...
 Spider Form              Tmut/Pois      #.........   100%        3    ####...
 Tukima's Dance           Hex            #.......     100%        3    ####...
 Vampiric Draining        Necr           #.........   100%        3    ####...
 Animate Dead             Necr           N/A          100%        4    #####..
 Ice Form                 Ice/Tmut       #.......     100%        4    #####..
 Blade Hands              Tmut           #.........   100%        5    ######.
 Bolt of Magma            Conj/Fire/Erth #.........   100%        5    ######.
 Iskenderun's Battlesphe  Conj/Chrm      #.......     100%        5    ######.
 Venom Bolt               Conj/Pois      #.........   100%        5    ######.
 Iron Shot                Conj/Erth      #.........   100%        6    #######
 Orb of Destruction       Conj           #.........   100%        7    #######
 Spellforged Servitor     Conj/Summ      #.........   100%        7    #######
 Regeneration             Chrm/Necr      Unusable     N/A         3    N/A

Dungeon Overview and Level Annotations

Branches:
Dungeon (11/15)            Temple (1/1) D:4            Lair (6/6) D:8
  Swamp (0/4) Lair:3        Snake (0/4) Lair:2        Slime (0/5) Lair:5
    Orc (2/2) D:11
    Elf: Orc:2

Altars:
Ashenzari
Cheibriados
Dithmenos
Fedhas
Gozag
Kikubaaqudgha
Makhleb
Nemelex Xobeh
Okawaru
Qazlal
Ru
Sif Muna
Trog
Uskayaw
Vehumet
Wu Jian
Xom
Yredelemnul
Zin
The Shining One
Beogh

Shops:
D:4 :   D:8 :   Orc:1 [   Orc:2 !

Annotations:
D:6 1 runed translucent door, Orban's ghost, novice DrBe
Orc:1 Harold


Innate Abilities, Weirdness & Mutations

You are resistant to damage.
You can heal yourself by infusing magical energy.
You resist negative energy. (rN+)
You passively map the area around you.
You do not regenerate.


Message History

Harold shouts!
The orc wizard shouts!
The orc priest shouts!
The orc shouts! x2
An orc priest comes into view. It is wielding a +0 flail.
You block the orc's attack. You block the orc wizard's attack.
There is a stone staircase leading down here.
The orc priest shouts!
You slash the orc!
You kill the orc!
Makhleb accepts your kill.
You feel better.
You slash the orc warrior! You closely miss the orc wizard.
The orc warrior hits you with a +0 glaive!!
* * * LOW HITPOINT WARNING * * *
The orc priest miscasts a cantrip.
You feel much better. You block the orc wizard's attack.
The orc priest calls upon Beogh to heal the orc warrior.
The orc warrior is healed somewhat.
The orc warrior hits you with a +0 glaive!!
* * * LOW HITPOINT WARNING * * *
The orc priest mumbles some strange prayers to Beogh against you.
Beogh smites you!
You die...

** *,** *
##...#.. #...*,
*
.##...o..##....
* *
...............
*
*,^............
.
.#.............
,
...@.o....#....,
* ,
......oo.......
,
.......@.......
*
........o......
..........#....
, *
#..............,
,, .............
. , *
...............,
*, *
...............
, *
.............#.
* , , , ,*


You could see Harold, an orc warrior, 2 orc priests, an orc wizard and an orc.

Vanquished Creatures
  6 hydras
  A two-headed ogre (D:10)
  A death yak (Lair:6)
  A swamp dragon (Lair:6)
  An orc knight (Orc:1)
  Pikel (D:8)
  A cyclops (Orc:2)
  3 orc sorcerers
  An ugly thing (D:11)
  3 black mambas (Lair:5)
  A torpor snail (Lair:6)
  7 elephants
  14 spiny frogs
  An eye of devastation (Lair:5)
  A rime drake (Lair:4)
  5 komodo dragons
  2 trolls (Orc:1)
  A merfolk (D:10)
  5 polar bears
  Prince Ribbit (D:9)
  7 hippogriffs
  16 blink frogs
  26 yaks
  A dire elephant simulacrum (Lair:3)
  2 wyverns (Lair:4)
  A wraith (D:10)
  2 basilisks
  A steam dragon (Lair:6)
  2 swamp worms (Lair:3)
  A warg (Orc:1)
  A hydra simulacrum (Lair:3)
  3 acid dragons (Lair:6)
  15 water moccasins
  6 porcupines
  2 ice beasts
  3 phantoms
  15 orc warriors
  4 sky beasts
  A slave (D:8)
  6 ogres
  An eye of draining (Lair:5)
  2 necrophages
  A black bear (D:9)
  10 wolves
  7 centaurs
  14 crocodiles
  2 big kobolds
  17 bullfrogs
  A gnoll sergeant (D:7)
  5 scorpions
  7 killer bees
  3 wights (D:6)
  5 howler monkeys
  6 crimson imps
  A centaur zombie (D:7)
  A komodo dragon simulacrum (Lair:3)
  2 jellies
  4 bullfrog skeletons
  A gnoll shaman (D:5)
  7 orc priests
  2 hounds
  17 orc wizards
  3 centaur skeletons
  Jessica (D:2)
  Ijyb (D:4)
  4 iguanas
  7 worker ants
  A porcupine simulacrum (Lair:3)
  2 hound skeletons
  A howler monkey zombie (D:6)
  A worker ant zombie (D:6)
  16 gnolls
  13 adders
  4 shadow imps
  2 oozes
  4 adder skeletons
  2 adder zombies
  A dart slug (D:2)
  7 leopard geckos
  88 orcs
  5 bats
  4 giant cockroaches
  13 goblins
  3 hobgoblins
  7 jackals
  4 quokkas
  3 ball pythons
  6 frilled lizards
  A jackal skeleton (D:8)
  12 kobolds
  A quokka skeleton (D:7)
  A quokka zombie (D:9)
  7 rats
  A butterfly (Lair:1)
  6 fungi
  3 plants
523 creatures vanquished.

Vanquished Creatures (collateral kills)
  A dire elephant (Lair:4)
  A fire dragon (Lair:6)
  A hydra (Lair:1)
  Sonja (Lair:2)
  An ugly thing (D:10)
  An orc sorcerer (Orc:2)
  2 elephants (Lair:6)
  A black mamba (Lair:6)
  4 spiny frogs
  6 komodo dragons
  An anaconda simulacrum (Lair:3)
  A polar bear (Lair:6)
  A hippogriff (Lair:6)
  2 blink frogs
  A bog body (Lair:3)
  2 basilisks (Lair:6)
  A steam dragon (Lair:6)
  A swamp worm (Lair:3)
  2 nagas (Lair:2)
  A hydra simulacrum (Lair:3)
  A porcupine (Lair:2)
  4 water moccasins
  2 orc warriors
  4 crocodiles
  An electric eel (Lair:3)
  2 orc priests (Orc:2)
  2 orc wizards (Orc:1)
  An iguana (Lair:6)
  4 orcs
  A fungus (Lair:6)
  A plant (Lair:6)
55 creatures vanquished.

Vanquished Creatures (others)
  A yak (Lair:5)
  An acid dragon (Lair:6)
  An orc wizard (Orc:2)
  6 fungi
  8 plants
17 creatures vanquished.

Grand Total: 595 creatures vanquished

Notes
Turn   | Place    | Note
-------+----------+-------------------------------------------
     0 | D:1      | Illumine the Deep Dwarf Fighter began the quest for the
                  | Orb.
     0 | D:1      | Reached XP level 1. HP: 20/20 MP: 1/1
   384 | D:1      | Reached XP level 2. HP: 22/27 MP: 2/2
   419 | D:1      | Reached skill level 3 in Axes
   554 | D:3      | Reached skill level 4 in Axes
   554 | D:3      | Reached XP level 3. HP: 14/33 MP: 3/3
   701 | D:3      | Found a deep blue altar of Sif Muna.
   701 | D:3      | Found an iron altar of Okawaru.
   702 | D:3      | Found a glowing golden altar of the Shining One.
   729 | D:3      | Reached XP level 4. HP: 38/40 MP: 4/4
   734 | D:3      | Reached skill level 5 in Axes
   784 | D:4      | Reached XP level 5. HP: 34/46 MP: 5/5
   789 | D:4      | Reached skill level 6 in Axes
   902 | D:4      | Found Nock's Book Shoppe.
   917 | D:4      | Found a staircase to the Ecumenical Temple.
   922 | Temple   | Entered the Ecumenical Temple
   952 | Temple   | Became a worshipper of Makhleb the Destroyer
   982 | D:4      | Noticed Ijyb
   996 | D:4      | Killed Ijyb
  1129 | D:2      | Reached XP level 6. HP: 29/55 MP: 6/6
  1203 | D:2      | Found a stormy altar of Qazlal.
  1270 | D:2      | Reached skill level 7 in Axes
  1447 | D:2      | Noticed Jessica
  1455 | D:2      | Killed Jessica
  1624 | D:2      | Reached * piety under Makhleb
  1659 | D:2      | Found a shimmering altar of Xom.
  1659 | D:2      | Found a shimmering altar of Xom.
  1659 | D:2      | Found a shimmering altar of Xom.
  1659 | D:2      | Found a shimmering altar of Xom.
  1660 | D:2      | Found a shimmering altar of Xom.
  2295 | D:4      | Reached skill level 8 in Axes
  2295 | D:4      | Reached XP level 7. HP: 14/61 MP: 7/7
  2382 | D:4      | Reached skill level 1 in Dodging
  2748 | D:5      | Entered Level 5 of the Dungeon
  3151 | D:5      | Reached XP level 8. HP: 49/70 MP: 7/7
  3478 | D:5      | Got an iridescent spear
  3517 | D:5      | Identified the +3 spear of Youthful Indiscretion {pierce,
                  | *Drain MR+ Dex+6 Stlth+} (You found it on level 5 of the
                  | Dungeon)
  3601 | D:5      | Reached ** piety under Makhleb
  3648 | D:5      | Found an ornate altar of the Wu Jian Council.
  3648 | D:5      | Found a sacrificial altar of Ru.
  3663 | D:5      | Reached skill level 5 in Shields
  3670 | D:5      | Reached skill level 5 in Armour
  3821 | D:6      | Found a runed translucent door.
  3821 | D:6      | Noticed Orban's ghost (novice DrBe)
  3950 | D:6      | Reached skill level 9 in Axes
  4222 | D:6      | Gained mutation: You passively map the area around you.
                  | [Deep Dwarf growth]
  4222 | D:6      | Reached XP level 9. HP: 58/79 MP: 8/8
  4299 | D:6      | Found a hide-covered altar of Uskayaw.
  4664 | D:7      | Found a glowing golden altar of the Shining One.
  4708 | D:7      | Reached *** piety under Makhleb
  4712 | D:7      | Reached skill level 5 in Fighting
  4921 | D:7      | Reached skill level 5 in Dodging
  4965 | D:7      | Reached skill level 1 in Invocations
  5388 | D:8      | Found a staircase to the Lair.
  5525 | D:7      | Reached XP level 10. HP: 42/91 MP: 9/9
  5577 | D:8      | Reached skill level 10 in Axes
  5597 | Lair:1   | Entered Level 1 of the Lair of Beasts
  5610 | Lair:1   | Noticed a spiny frog
  5618 | Lair:1   | Killed a spiny frog
  5760 | D:8      | Found Koexkox's Book Shop.
  5967 | D:8      | Found a sparkling altar of Nemelex Xobeh.
  6012 | D:8      | Reached **** piety under Makhleb
  6031 | D:8      | Found a shadowy altar of Dithmenos.
  6180 | D:8      | Noticed Pikel
  6194 | D:8      | Killed Pikel
  6358 | D:9      | Noticed Prince Ribbit
  6371 | D:9      | Killed Prince Ribbit
  6375 | D:9      | Reached skill level 5 in Invocations
  6920 | D:10     | Entered Level 10 of the Dungeon
  7204 | D:10     | Reached ***** piety under Makhleb
  7246 | D:10     | Reached XP level 11. HP: 99/99 MP: 12/12
  7306 | D:10     | Noticed a two-headed ogre
  7328 | D:10     | Killed a two-headed ogre
  7493 | D:11     | Noticed a brown ugly thing
  7493 | D:11     | Noticed an eight-headed hydra
  7523 | D:10     | Killed a brown ugly thing
  7667 | Lair:1   | Noticed a seven-headed hydra
  7683 | Lair:1   | Killed an eight-headed hydra
  7923 | Lair:1   | HP: 4/100 [spiny frog (13)]
  7925 | Lair:1   | Reached skill level 11 in Axes
  8041 | Lair:2   | Noticed Sonja
  8051 | Lair:2   | Killed Sonja
  8265 | Lair:2   | Found a staircase to the Snake Pit.
  8384 | Lair:2   | Noticed a six-headed hydra
  8396 | Lair:2   | Killed a six-headed hydra
  8652 | Lair:3   | Reached XP level 12. HP: 77/110 MP: 11/11
  8659 | Lair:3   | Found a transporter.
  8717 | Lair:3   | Noticed a six-headed hydra
  8725 | Lair:3   | Reached skill level 1 in Evocations
  8729 | Lair:3   | Killed a six-headed hydra
  8855 | Lair:3   | Reached skill level 12 in Axes
  9116 | Lair:3   | Noticed an eight-headed hydra
  9121 | Lair:3   | Killed an eight-headed hydra
  9124 | Lair:3   | Found a transporter.
  9330 | Lair:3   | Reached skill level 10 in Shields
  9331 | Lair:3   | Found a staircase to the Swamp.
  9918 | Lair:4   | Reached skill level 13 in Axes
 10107 | Lair:4   | Noticed a dire elephant
 10134 | Lair:4   | Killed a dire elephant
 10331 | Lair:5   | Reached XP level 13. HP: 37/121 MP: 12/12
 10336 | Lair:5   | HP: 6/121 [black mamba (7)]
 10437 | Lair:5   | Reached skill level 1 in Stealth
 10505 | Lair:5   | Noticed a cacodemon
 10622 | Lair:5   | Found a staircase to the Slime Pits.
 10641 | Lair:5   | Reached skill level 10 in Armour
 11202 | Lair:6   | Entered Level 6 of the Lair of Beasts
 11432 | Lair:6   | Reached skill level 14 in Axes
 12017 | Lair:6   | Noticed a fire dragon
 12056 | Lair:6   | Killed a fire dragon
 12455 | Lair:3   | Got a steaming lead ring
 12480 | Lair:3   | Identified the ring of Wu Jian's Envy {Wiz Dex+3} (You
                  | found it on level 3 of the Lair of Beasts)
 12841 | D:11     | Reached skill level 10 in Invocations
 12982 | D:11     | Found a staircase to the Orcish Mines.
 13005 | Orc:1    | Entered Level 1 of the Orcish Mines
 13136 | Orc:1    | Found Odelol's Armour Emporium.
 13278 | Orc:2    | Entered Level 2 of the Orcish Mines
 13298 | Orc:1    | Reached skill level 10 in Fighting
 13319 | Orc:1    | Gained mutation: You resist negative energy. (rN+) [Deep
                  | Dwarf growth]
 13319 | Orc:1    | Reached XP level 14. HP: 70/132 MP: 12/12
 13484 | Orc:2    | Found a roughly hewn altar of Beogh.
 13492 | Orc:2    | Found Sihoasag's Distillery.
 13676 | Orc:2    | Found a roughly hewn altar of Beogh.
 13790 | Orc:2    | Reached ****** piety under Makhleb
 13799 | Orc:2    | Noticed an orc warlord
 13849 | Orc:1    | Noticed Harold
 13851 | Orc:1    | Killed from afar by an orc priest

Skill      XL: |  1  2  3  4  5  6  7  8  9 10 11 12 13 |
---------------+----------------------------------------+-----
Axes           | 4 5 6 8 9 10 11 13 14 | 14.6
Fighting       | 3 4 5 6 7 9 10 | 10.1
Dodging        | 2 4 5 7 8 |  8.2
Armour         | 4 5 6 8 9 10 | 10.5
Shields        | 4 5 6 8 9 10 12 | 12.2
Invocations    | 3 5 7 8 10 | 10.5
Evocations     | 1 2 |  2.1
Stealth        | 1 |  1.0

Action                   |  1- 3 |  4- 6 |  7- 9 | 10-12 | 13-15 || total
-------------------------+-------+-------+-------+-------+-------++-------
Melee: War axe           |    87 |   179 |   502 |   901 |   764 ||  2433
Invok: Lesser Servant of |       |       |       |    10 |    16 ||    26
       Minor Destruction |       |       |       |     5 |       ||     5
       Greater Servant o |       |       |       |     1 |     1 ||     2
 Abil: Heal Wounds       |     1 |     1 |     5 |    15 |    14 ||    36
Evoke: Wand              |       |       |       |    14 |    12 ||    26
  Use: Scroll            |       |    12 |     4 |     7 |     2 ||    25
       Potion            |       |       |       |     4 |     6 ||    10
 Stab: Distracted        |       |       |       |     1 |     6 ||     7
  Eat: Chunk             |       |     5 |    11 |    26 |    13 ||    55
       Ration            |       |       |       |     1 |       ||     1
Armor: Scale mail        |    39 |    87 |       |       |       ||   126
       Plate armour      |       |     1 |   295 |   679 |   430 ||  1405
Dodge: Dodged            |    24 |    59 |   102 |   422 |   281 ||   888
Block: Shield            |    38 |    91 |   265 |   728 |   568 ||  1690
